 Dungeon Crawl Stone Soup version 0.21.1-1-g345015f (webtiles) character file.

69 infcreate the Shield-Bearer (level 4, -5/40 HPs)
             Began as a Minotaur Fighter on May 26, 2018.
             Slain by a small abomination (16 damage)
             ... on level 1 of the Abyss.
             The game lasted 00:07:05 (1490 turns).

infcreate the Shield-Bearer (Minotaur Fighter)      Turns: 1490, Time: 00:07:05

Health: -5/40      AC:  9    Str: 22    XL:     4   Next: 2%
Magic:  3/3        EV:  5    Int:  5    God:
Gold:   112        SH:  9    Dex:  9    Spells: 3/3 levels left

rFire    . . .     SeeInvis .   a - +0 war axe
rCold    . . .     Gourm    .   c - +0 shield
rNeg     . . .     Faith    .   k - +0 chain mail
rPois    .         Spirit   .   (helmet restricted)
rElec    .         Reflect  .   (no cloak)
rCorr    .         Harm     .   (no gloves)
MR       .....                  (no boots)
Stlth    ..........             (no amulet)
HPRegen  0.13/turn              n - ring of flight
MPRegen  0.08/turn              (no ring)

@: no status effects
A: retaliatory headbutt, horns 2
a: Evoke Flight


You were on level 1 of the Abyss.
You were hungry.

You visited 1 branch of the dungeon, and saw 2 of its levels.
You visited the Abyss 1 time.

You collected 112 gold pieces.

Inventory:

Hand Weapons
 a - a +0 war axe (weapon)
Armour
 c - a +0 shield (worn)
 k - a +0 chain mail (worn)
Jewellery
 n - a ring of flight (left hand)
Scrolls
 b - a scroll of magic mapping {unknown}
 e - a scroll of random uselessness {unknown}
 g - a scroll of remove curse
 i - a scroll of noise {unknown}
 j - a scroll of fog {unknown}
 o - a scroll of immolation {unknown}
 p - 2 scrolls of identify {unknown}
Potions
 d - 3 potions of might
 h - 2 potions of brilliance {unknown}
 l - a potion of degeneration {unknown}
 m - 2 potions of invisibility {unknown}
Comestibles
 f - 5 rations


   Skills:
 + Level 4.2 Fighting
 + Level 3.7 Axes
 + Level 4.1 Armour
 + Level 4.3 Shields


You had 3 spell levels left.
You didn't know any spells.

Dungeon Overview and Level Annotations

Branches:
Dungeon (2/15)

Altars:

Annotations:
D:2 Crazy Yiuf


Innate Abilities, Weirdness & Mutations

You reflexively headbutt those who attack you in melee.
You have a pair of horns on your head.


Message History

Found a ring of flight.
Found a scroll of remove curse.
You now have 112 gold pieces (gained 26).
A small abomination and a worldbinder come into view.
The worldbinder calls forth creatures from the Spider Nest!
The worldbinder calls forth creatures from the Spider Nest!
Found 18 gold pieces.
The jumping spider leaps!
A small abomination comes into view.
The jumping spider leaps!
The jumping spider disappears in a puff of smoke!
The small abomination hits you!
* * * LOW HITPOINT WARNING * * *
You block the tarantella's attack.
You closely miss the tarantella. You closely miss the small abomination.
The small abomination hits you but does no damage.
The worldbinder calls forth creatures from the Spider Nest!
The tarantella bites you but does no damage.
The small abomination hits you!
You die...

## #. #. ##.. ###
##.#.### ###
##..##..##..##..##.
........s..........
....$....x..x......
#..##..##.@##..##.
##..##.§##.s# ..## .
. .....§...x.......
.. . . ..
............ . . . #
##..##..##..##..# .
#.##..##..##..# ..#
. # . # .
..................##
. .. .
....................
. . #
..##..##..##....##
....#


You could see a worldbinder, 2 tarantellas and 2 small abominations.

Vanquished Creatures
  Robin (D:2)
  An adder (D:2)
  2 dart slugs (D:2)
  A leopard gecko (D:2)
  A ball python (D:2)
  2 giant cockroaches (D:1)
  10 goblins
  5 hobgoblins (D:2)
  2 jackals (D:2)
  5 bats
  2 frilled lizards (D:1)
  4 kobolds
  3 rats
39 creatures vanquished.

Notes
Turn   | Place    | Note
-------+----------+-------------------------------------------
     0 | D:1      | infcreate the Minotaur Fighter began the quest for the Orb.
     0 | D:1      | Reached XP level 1. HP: 19/19 MP: 0/0
   329 | D:1      | Reached XP level 2. HP: 26/27 MP: 1/1
   876 | D:2      | Reached XP level 3. HP: 31/33 MP: 2/2
   998 | D:2      | Found a runed door.
  1033 | D:2      | Noticed Robin
  1070 | D:2      | Killed Robin
  1070 | D:2      | Reached XP level 4. HP: 35/40 MP: 3/3
  1309 | D:2      | Noticed Crazy Yiuf
  1316 | D:2      | Cast into level 1 of the Abyss (Crazy Yiuf)
  1453 | Abyss:1  | Noticed a small abomination
  1475 | Abyss:1  | Noticed a worldbinder
  1482 | Abyss:1  | Noticed a tarantella
  1482 | Abyss:1  | Noticed a jumping spider
  1483 | Abyss:1  | Noticed a jumping spider
  1487 | Abyss:1  | Noticed a small abomination
  1490 | Abyss:1  | Slain by a small abomination

Skill      XL: |  1  2 |
---------------+-------+-----
Fighting       | 4 |  4.2
Shields        | 4 |  4.3
Axes           | 3 |  3.7
Armour         | 4 |  4.1

Action                   |  1- 3 |  4- 6 || total
-------------------------+-------+-------++-------
Melee: War axe           |    93 |     8 ||   101
       Headbutt          |    10 |     2 ||    12
  Use: Scroll            |       |     1 ||     1
  Eat: Chunk             |       |     1 ||     1
Armor: Scale mail        |    15 |       ||    15
       Chain mail        |    38 |     3 ||    41
Dodge: Dodged            |    34 |     2 ||    36
Block: Shield            |    59 |     3 ||    62
